 Dungeon Crawl Stone Soup version 0.20-a0-1124-g2e29d97 (webtiles) character file.

56284 4thArraOfDagon the Grappler (level 14, -4/123 HPs)
             Began as a Troll Transmuter on May 16, 2017.
             Was a High Priest of Okawaru.
             Shot with an arrow by a deep elf archer (20 damage)
             ... on level 3 of the Elven Halls.
             The game lasted 00:39:58 (6736 turns).

4thArraOfDagon the Grappler (Troll Transmuter)      Turns: 6736, Time: 00:39:59

Health: -4/123     AC:  7    Str: 26      XL:     14   Next: 41%
Magic:  12/18      EV: 17    Int: 13      God:    Okawaru [*****.]
Gold:   1605       SH: 17    Dex: 13 (14) Spells: 3/15 levels left

rFire    + . .     SeeInvis .     - Unarmed
rCold    . . .     Gourm    +   w - +2 shield {reflect}
rNeg     + . .     Faith    .   X - +0 troll leather armour
rPois    +         Spirit   .   (helmet restricted)
rElec    .         Reflect  +   (no cloak)
rCorr    .         Harm     .   (gloves unavailable)
MR       +....                  (boots unavailable)
Stlth    +++.......             A - amulet of magic regeneration
Regen    1.1/turn               y - +4 ring of evasion
MPRegen  0.3/turn               H - ring "Jicewaq" {Fire +Blink rPois rN+ Str+3 Dex+4}

@: heroism, finesse, slowed, very slow
A: unfitting armour, claws 3, cold resistance 1, deterioration 1, fast
metabolism 3, frail 1, gourmand, low mp 1, regeneration 1, shaggy fur 1, strong
1, tough skin 2
a: Heroism, Finesse, Renounce Religion, Evoke Blink


You were on level 3 of the Elven Halls.
You worshipped Okawaru.
Okawaru was extremely pleased with you.
You were completely stuffed.

You visited 3 branches of the dungeon, and saw 20 of its levels.
You also visited: Labyrinth.

You collected 1629 gold pieces.
You spent 24 gold pieces at shops.

Inventory:

Hand Weapons
 I - the +10 arbalest of Byjumur {penet, rElec Int+4, unknown}
   (Okawaru gifted it to you on level 10 of the Dungeon)

   Ammo fired by it will pass through the targets it hits, potentially hitting
   all targets in its path until it reaches maximum range.
   It affects your intelligence (+4).
   It insulates you from electricity.
 K - the +12 hand crossbow "Gusefe" {freeze, rC++ Int+2, unknown}
   (Okawaru gifted it to you on level 2 of the Orcish Mines)

   It causes projectiles fired from it to freeze those they strike, causing
   extra injury to most foes and up to half again as much damage against
   particularly susceptible opponents.
   They can also slow down cold-blooded creatures.
   It affects your intelligence (+2).
   It greatly protects you from cold.
Missiles
 a - 40 arrows
 F - a throwing net (quivered)
 L - 15 large rocks
Armour
 b - a +0 robe
 q - a +0 large shield
 w - a +2 shield of reflection (worn)
 M - the -7 hat "Dog Enem" {rF+ Str+2 Stlth+}
   (Okawaru gifted it to you on level 11 of the Dungeon)

   It affects your strength (+2).
   It protects you from fire.
   It makes you more stealthy.
 X - a +0 troll leather armour (worn)
 Y - a +2 robe of magic resistance
 Z - a +2 robe of fire resistance
Magical Staves
 u - a cursed staff of earth {unknown}
Jewellery
 e - an uncursed ring of protection from fire
 g - an uncursed ring of resist corrosion
 h - an uncursed ring of magical power
 y - a +4 ring of evasion (left claw)
 z - a +4 ring of protection {unknown}
 A - an amulet of magic regeneration (around neck)
 H - the ring "Jicewaq" (right claw) {Fire +Blink rPois rN+ Str+3 Dex+4}
   (You found it on level 10 of the Dungeon)

   [ring of fire]

   It enhances your fire magic.
   It affects your strength (+3).
   It affects your dexterity (+4).
   It protects you from fire.
   It makes you vulnerable to cold.
   It protects you from poison.
   It protects you from negative energy.
   It lets you blink.
 N - an uncursed ring of fire {unknown}
 Q - an uncursed amulet of rage {unknown}
Wands
 k - a wand of random effects (17/48)
 m - a wand of confusion (15/48)
 C - a wand of disintegration (11/24)
 D - a wand of disintegration (14/24)
 E - a wand of acid (4/15)
 P - a wand of acid (6/15)
 R - a wand of enslavement (17/24)
 S - a wand of enslavement (8/24)
 V - a wand of digging (8/24)
 W - a wand of lightning (8/15)
Scrolls
 f - a scroll of brand weapon {unknown}
 i - 5 scrolls of remove curse
 n - 4 scrolls of magic mapping
 o - 2 scrolls of teleportation
 r - 4 scrolls of identify
 v - a scroll of fog
 x - 4 scrolls of enchant armour
 B - 2 scrolls of amnesia {unknown}
 U - 5 scrolls of recharging
Potions
 j - 2 potions of lignification
 l - 6 potions of heal wounds {unknown}
 s - a potion of curing
 t - 2 potions of haste
 G - 3 potions of flight {unknown}
 O - a potion of brilliance {unknown}
Books
 c - a book of Changes

   Spells                             Type                      Level
   a - Beastly Appendage              Transmutation                1
   b - Sticks to Snakes               Transmutation                2
   c - Spider Form                    Transmutation/Poison         3
   d - Ice Form                       Ice/Transmutation            4
   e - Blade Hands                    Transmutation                5
Miscellaneous
 J - a phial of floods
 T - a phantom mirror
Comestibles
 d - 8 bread rations
 p - 14 royal jellies


   Skills:
 + Level 8.9(13.9) Fighting
 - Level 2.2(7.2) Dodging
 * Level 12.2(17.2) Shields
 * Level 14.8(19.8) Unarmed Combat
 - Level 1.2 Spellcasting
 - Level 1.3 Transmutations
 + Level 9.6 Invocations


You had 3 spell levels left.
You knew the following spells:

 Your Spells              Type           Power        Failure   Level  Hunger
a - Beastly Appendage     Tmut           #.....       17%         1    ##.....
b - Passwall              Tmut/Erth      #.........   34%         2    ###....
c - Lee's Rapid Deconstr  Erth           #.........   100%        5    ######.
d - Passage of Golubria   Tloc           N/A          97%         4    #####..


Dungeon Overview and Level Annotations

Branches:
Dungeon (15/15)            Temple (0/1) D:6            Lair (0/6) D:11
    Orc (2/2) D:10            Elf (3/3) Orc:2        Vaults (0/5) D:14
 Depths: D:15

Altars:
Ashenzari
Elyvilon
Hepliaklqana
Nemelex Xobeh
Okawaru
Sif Muna
Trog
Uskayaw
Wu Jian
Yredelemnul
The Shining One

Shops:
D:9 }%   Orc:2 *}}=

Portals:
Trove: Elf:1 (give 9 potions of haste)

Annotations:
D:6 Prince Ribbit


Innate Abilities, Weirdness & Mutations

You are too large for most types of armour.
You have claws for hands.
Your metabolism is lightning-fast.
You like to eat raw meat.
Your natural rate of healing is unusually fast.
You are covered in fur. (AC +1)
You have very tough skin. (AC +2)
Your flesh is cold resistant. (rC+)
Your body sometimes deteriorates upon taking damage.
You are frail. (-10% HP)
Your magical capacity is low. (-10% MP)
Your muscles are strong. (Str +2)


Message History

* * * LOW HITPOINT WARNING * * *
Unknown command.
Unknown command.
Unknown command.
You can now deal lightning-fast blows.
The deep elf archer unwields an uncursed short sword of electrocution.
It stops crackling.
The deep elf archer wields an uncursed shortbow.
The deep elf archer shoots an arrow.
The arrow hits you!!
* * * LOW HITPOINT WARNING * * *
The deep elf archer shoots an arrow.
You reflect the arrow off your +2 shield of reflection!
The arrow misses the deep elf archer.
Unknown command.
Unknown command.
You feel better.
The deep elf mage mumbles some strange words.
The deep elf mage blinks!
The deep elf archer shoots an arrow.
The arrow hits you!!
You die...

**,,,,,,.,,,,
**#..,....,,
*..##,......
#######....#+#....
#....(#.......##..
##...e.#.........##
#e.....#.....,.,,..
##(.....'##...,,,,*#
#..@.ยง....#**,,,***#
##....(..## ***** ##
#......)# ### ##.
##.....'#####.###.#
#.$...#(##.....'##
###+####.........#
*,* #.........+ *,*
#.........#
***+***#.........#


You could see a deep elf archer and a deep elf mage.

Vanquished Creatures
  An orc warlord (Orc:1)
  A minotaur (Lab)
  Josephine (Orc:1)
  2 vault guards (D:14)
  A centaur warrior (D:13)
  Erica (D:9)
  The ghost of 4thArraOfDagon the Grappler, a novice TrTm of Okawaru (D:10)
  2 tengu warriors
  13 two-headed ogres
  A dancing weapon (Elf:2)
  An ogre mage (Orc:2)
  2 deep elf knights (Elf:2)
  2 deep trolls (Orc:2)
  2 wizards (D:14)
  2 unseen horrors
  A deep elf archer (Elf:2)
  2 necromancers (D:14)
  3 orc knights
  9 deep elf magi
  2 orc sorcerers (Orc:1)
  5 ugly things (D:14)
  A manticore (D:14)
  3 cyclopes
  2 gargoyles (D:11)
  Psyche (D:9)
  A kobold demonologist (D:14)
  A freezing wraith (D:14)
  2 tengu conjurers
  13 trolls
  A queen bee (D:10)
  6 hippogriffs
  9 slime creatures (D:14)
  Sigmund (D:6)
  A yak (D:11)
  2 shadows (D:14)
  A wyvern (D:12)
  17 humans (D:14)
  A water elemental (Elf:1)
  3 wraiths
  4 hungry ghosts (Lab)
  Menkaure (D:6)
  8 wargs
  A water moccasin (D:9)
  An acid dragon (D:14)
  Duvessa (D:6)
  4 porcupines (D:11)
  3 ice beasts
  23 orc warriors
  2 phantoms (D:6)
  2 black bears (D:11)
  29 ogres
  3 eyes of draining
  4 wolves (Orc:2)
  2 centaurs
  2 crocodiles (D:11)
  2 big kobolds (D:14)
  3 bullfrogs
  A gnoll sergeant (D:7)
  A wyvern zombie (D:13)
  Dowan (D:6)
  19 killer bees
  3 wights (D:8)
  6 howler monkeys
  4 crimson imps
  2 centaur zombies
  3 hounds (D:7)
  2 bullfrog zombies
  3 jellies
  A gnoll shaman (D:7)
  13 orc priests
  A centaur skeleton (D:9)
  2 bullfrog skeletons
  Natasha (D:2)
  4 iguanas
  14 orc wizards
  10 worker ants
  A hound zombie (D:7)
  4 gnolls (D:7)
  A howler monkey skeleton (D:7)
  4 adders
  3 shadow imps
  An ooze (D:2)
  An adder skeleton (D:5)
  3 leopard geckos
  50 orcs
  A ball python (D:3)
  2 giant cockroaches (D:3)
  2 gnoll zombies (D:5)
  8 hobgoblins
  6 jackals
  4 quokkas
  A goblin (D:2)
  A jackal zombie (D:7)
  15 kobolds
  2 rats
  2 fungi (D:11)
  5 plants
424 creatures vanquished.

Vanquished Creatures (collateral kills)
  A cyclops (Orc:2)
  An orc wizard (Orc:2)
  2 orcs (Orc:2)
4 creatures vanquished.

Vanquished Creatures (others)
  A centaur warrior (D:14)
  An ogre mage (Orc:2)
  Sonja (Orc:2)
  A centaur (D:10)
  2 orcs
  A goblin (Orc:2)
  2 bushes (D:10)
  3 fungi (D:11)
  A plant (D:11)
13 creatures vanquished.

Grand Total: 441 creatures vanquished

Notes
Turn   | Place    | Note
-------+----------+-------------------------------------------
     0 | D:1      | 4thArraOfDagon the Troll Transmuter began the quest for the Orb.
     0 | D:1      | Reached XP level 1. HP: 18/18 MP: 1/1
     0 | D:1      | 4thArraOfDagon: maybe now>
    68 | D:2      | Reached skill level 1 in Fighting
    68 | D:2      | Reached XP level 2. HP: 27/27 MP: 2/2
    77 | D:2      | Turgon: !lg $p -2 -log
    83 | D:2      | beem: 13040/13041. 4thArraOfDagon, XL7 TrTm, T:1202: http://crawl.xtahua.com/crawl/morgue/4thArraOfDagon/morgue-4thArraOfDagon-20170516-172458.txt
   102 | D:2      | Noticed Natasha
   105 | D:2      | Turgon: !lg $p -3 -log
   110 | D:2      | beem: 13040/13042. 4thArraOfDagon, XL7 TrTm, T:1202: http://crawl.xtahua.com/crawl/morgue/4thArraOfDagon/morgue-4thArraOfDagon-20170516-172458.txt
   110 | D:2      | Killed Natasha
   110 | D:2      | Reached XP level 3. HP: 19/33 MP: 3/3
   142 | D:3      | PLS
   154 | D:3      | Found a hide-covered altar of Uskayaw.
   157 | D:3      | Reached skill level 4 in Unarmed Combat
   161 | D:3      | :(
   217 | D:3      | Found a shattered altar of Ashenzari.
   218 | D:3      | :(
   229 | D:3      | Found a glowing golden altar of the Shining One.
   232 | D:3      | Found a deep blue altar of Sif Muna.
   235 | D:3      | :(
   265 | D:3      | Turgon: !lg $p god=Okawaru -log
   272 | D:3      | beem: 229. 4thArraOfDagon, XL10 TrTm, T:3074: http://crawl.xtahua.com/crawl/morgue/4thArraOfDagon/morgue-4thArraOfDagon-20170516-174341.txt
   280 | D:3      | Turgon: !lg $p HO-- -log
   280 | D:3      | 4thArraOfDagon: chi is rmov
   280 | D:3      | beem: 859. 4thArraOfDagon, XL18 HOCj, T:21517: http://crawl.xtahua.com/crawl/morgue/4thArraOfDagon/morgue-4thArraOfDagon-20170516-171641.txt
   392 | D:4      | Reached XP level 4. HP: 34/41 MP: 4/4
   396 | D:4      | Found an iron altar of Okawaru.
   399 | D:4      | :(
   404 | D:4      | 4thArraOfDagon: ::(
   404 | D:4      | Became a worshipper of Warmaster Okawaru
   424 | D:5      | Entered Level 5 of the Dungeon
   477 | D:5      | Turgon: You lost a game when you had early statue form available?!
   487 | D:6      | Noticed Prince Ribbit
   524 | D:5      | 4thArraOfDagon: yes, caught in the net
   603 | D:5      | Found a basalt altar of Yredelemnul.
   642 | D:5      | Found a bloodstained altar of Trog.
   656 | D:5      | Turgon: Why not snake first?
   727 | D:6      | Turgon: Shoals is hardest usually
   742 | D:6      | Noticed Duvessa
   743 | D:6      | Noticed Dowan
   743 | D:6      | 4thArraOfDagon: watch
   755 | D:6      | Killed Duvessa
   755 | D:6      | Reached skill level 1 in Shields
   755 | D:6      | Reached skill level 5 in Unarmed Combat
   755 | D:6      | Reached skill level 1 in Invocations
   755 | D:6      | Reached XP level 5. HP: 49/49 MP: 5/5
   760 | D:6      | Killed Dowan
   760 | D:6      | Reached XP level 6. HP: 57/57 MP: 6/6
   763 | D:6      | Reached * piety under Okawaru
   764 | D:6      | 4thArraOfDagon: :)
   770 | D:6      | Turgon: I watched
   792 | D:6      | Turgon: But why shoals first in the HO game?
   808 | D:6      | Noticed Sigmund
   824 | D:6      | Killed Sigmund
   824 | D:6      | Reached XP level 7. HP: 66/66 MP: 7/7
   881 | D:6      | Found a staircase to the Ecumenical Temple.
   935 | D:6      | 4thArraOfDagon: it barelly mattered which first
   935 | D:6      | 4thArraOfDagon: because it was untouchable statue an few more exp wouldnt help
   980 | D:6      | Reached skill level 6 in Unarmed Combat
  1110 | D:5      | Reached ** piety under Okawaru
  1143 | D:4      | 4thArraOfDagon: unfortuntly oka statue
